ORI
UNIVERSITY OF CONNETICUT HUSKIES @ UNIVERSITY OF ALABAMA CRIMSON TIDE
12/16/2049
 
TOP OF THE 1ST
University of Conneticut Huskies batting - Pitching for University of Alabama Crimson Tide : RHP Jihei Nomura
Pitching: RHP Jihei Nomura
Batting: RHB Jordan Nicholas 0-0: Foul Ball, location: 23F
0-1: Foul Ball, location: 2F
0-2: Ball
1-2: Foul Ball, location: 3SF
1-2: Strikes out swinging
Batting: LHB Matt Reed 0-0: Ball
1-0: Swinging Strike
1-1: Foul Ball, location: 7LMF
1-2: Fly out, F7 (Line Drive, 78S, EV 95.0 MPH)
Batting: RHB Jai De san miguel 0-0: Called Strike
0-1: Called Strike
0-2: Ground out 5-3 (Groundball, 56, EV 88.1 MPH)
Top of the 1st over - 0 runs, 0 hits, 0 errors, 0 left on base; University of Conneticut 0 - University of Alabama 0
BOTTOM OF THE 1ST
University of Alabama Crimson Tide batting - Pitching for University of Conneticut Huskies : RHP Jay Catoe
Pitching: RHP Jay Catoe
Batting: RHB Danny Rosario 0-0: Ball
1-0: Ball
2-0: Ball
3-0: Called Strike
3-1: SINGLE (Line Drive, 8LS, EV 103.8 MPH)
Batting: LHB Platon Protopsaltis 0-0: Sac Bunt to 3S - play at first, batter safe!
Danny Rosario to second
Batting: RHB Al Lara 0-0: Ball
1-0: Ball
2-0: Fly out, F5 (Popup, 56S, EV 83.1 MPH)
Batting: RHB Hughie Withers 0-0: Foul Ball, location: 2F
0-1: Foul Ball, location: 7LMFF
0-2: Grounds into double play, 3-6-3 (Groundball, 34, EV 82.5 MPH)
Bottom of the 1st over - 0 runs, 2 hits, 0 errors, 1 left on base; University of Conneticut 0 - University of Alabama 0
TOP OF THE 2ND
University of Conneticut Huskies batting - Pitching for University of Alabama Crimson Tide : RHP Jihei Nomura
Batting: LHB Greg James 0-0: Ball
1-0: Ball
2-0: Foul Ball, location: 5F
2-1: Foul Ball, location: 2F
2-2: Foul Ball, location: 23F
2-2: DOUBLE (Line Drive, 89D, EV 103.8 MPH)
Batting: RHB Roku Kawano 0-0: Called Strike
0-1: Ball
1-1: Foul Ball, location: 5FF
1-2: Ball
2-2: Foul Ball, location: 3DF
2-2: Foul Ball, location: 2F
2-2: Ground out U3 (Groundball, 3S, EV 83.8 MPH)
Greg James to third
Batting: LHB Jonathan Sica 0-0: Ball
1-0: Called Strike
1-1: Ball
2-1: Called Strike
2-2: Ball
3-2: Fly out, F8 (Flyball, 8RD, EV 104.4 MPH)
Runner from 3rd tags up, OUT at HOME! 8-2
Top of the 2nd over - 0 runs, 1 hit, 0 errors, 0 left on base; University of Conneticut 0 - University of Alabama 0
BOTTOM OF THE 2ND
University of Alabama Crimson Tide batting - Pitching for University of Conneticut Huskies : RHP Jay Catoe
Batting: LHB Matt Barkley 0-0: Foul Ball, location: 9LSF
0-1: Ball
1-1: Foul Ball, location: 5FF
1-2: Ball
2-2: Strikes out swinging
Batting: RHB Jong-your Lee 0-0: Called Strike
0-1: Ball
1-1: SINGLE (Groundball, 6M, EV 83.8 MPH) (infield hit)
Batting: RHB John Hicken 0-0: Ball
1-0: Foul Ball, location: 2F
1-1: Ball
2-1: Swinging Strike
2-2: Strikes out swinging
Batting: RHB Larry Brown 0-0: Ball
Jong-your Lee steals 2nd base (no throw)
1-0: Called Strike
1-1: Ground out U3 (Groundball, 34, EV 89.4 MPH)
Bottom of the 2nd over - 0 runs, 1 hit, 0 errors, 1 left on base; University of Conneticut 0 - University of Alabama 0
TOP OF THE 3RD
University of Conneticut Huskies batting - Pitching for University of Alabama Crimson Tide : RHP Jihei Nomura
Batting: RHB Phil Hilton 0-0: SINGLE (Groundball, 34D, EV 103.1 MPH)
Batting: LHB Omar Alba 0-0: Called Strike
Phil Hilton is caught stealing 2nd base 2-6
0-1: Ball
1-1: SINGLE (Groundball, 3S, EV 74.4 MPH) (infield hit)
Batting: LHB Chris Grayson 0-0: Called Strike
Omar Alba steals 2nd base
0-1: Ground out U3 (Groundball, 34S, EV 75.6 MPH)
Omar Alba to third
Batting: RHB Jordan Nicholas 0-0: Ball
1-0: Foul Ball, location: 2F
1-1: Called Strike
1-2: Strikes out looking
Top of the 3rd over - 0 runs, 2 hits, 0 errors, 1 left on base; University of Conneticut 0 - University of Alabama 0
BOTTOM OF THE 3RD
University of Alabama Crimson Tide batting - Pitching for University of Conneticut Huskies : RHP Jay Catoe
Batting: RHB Justin Gray 0-0: Swinging Strike
0-1: Ball
1-1: SINGLE (Groundball, 4MD, EV 101.9 MPH)
Batting: RHB Danny Rosario 0-0: Foul Ball, location: 9LMF
0-1: Foul Ball, location: 2F
0-2: Ball
1-2: Foul Ball, location: 2F
1-2: Foul Ball, location: 7LDF
1-2: Ball
2-2: Strikes out swinging
Batting: LHB Platon Protopsaltis 0-0: Ball
1-0: Foul Ball, location: 2F
1-1: Swinging Strike
1-2: Strikes out swinging
Batting: RHB Al Lara 0-0: Ball
1-0: Ball
2-0: Foul Ball, location: 5FF
2-1: Foul Ball, location: 5SF
2-2: Ball
3-2: Foul Ball, location: 5DF
3-2: Ground out 5-3 (Groundball, 5S, EV 86.3 MPH)
Bottom of the 3rd over - 0 runs, 1 hit, 0 errors, 1 left on base; University of Conneticut 0 - University of Alabama 0
TOP OF THE 4TH
University of Conneticut Huskies batting - Pitching for University of Alabama Crimson Tide : RHP Jihei Nomura
Batting: LHB Matt Reed 0-0: Foul Ball, location: 9LMF
0-1: Ball
1-1: Ball
2-1: Ground out 4-3 (Groundball, 4S, EV 86.9 MPH)
Batting: RHB Jai De san miguel 0-0: SOLO HOME RUN (Flyball, 78XD, EV 100.6 MPH), Distance : 385 ft
Batting: LHB Greg James 0-0: Ball
1-0: Ground out 6-3 (Groundball, 6, EV 93.8 MPH)
Batting: RHB Roku Kawano 0-0: Ball
1-0: Foul Ball, location: 2F
1-1: Swinging Strike
1-2: Ground out 6-3 (Groundball, 56, EV 91.3 MPH)
Top of the 4th over - 1 run, 1 hit, 0 errors, 0 left on base; University of Conneticut 1 - University of Alabama 0
BOTTOM OF THE 4TH
University of Alabama Crimson Tide batting - Pitching for University of Conneticut Huskies : RHP Jay Catoe
Batting: RHB Hughie Withers 0-0: Called Strike
0-1: Foul Ball, location: 2F
0-2: Strikes out swinging
Batting: LHB Matt Barkley 0-0: Ball
1-0: Ball
2-0: Foul Ball, location: 2RF
2-1: Fly out, F8 (Flyball, 89D, EV 98.1 MPH)
Batting: RHB Jong-your Lee 0-0: Ball
1-0: Foul Ball, location: 25FF
1-1: Ground out 6-3 (Groundball, 6, EV 85.0 MPH)
Bottom of the 4th over - 0 runs, 0 hits, 0 errors, 0 left on base; University of Conneticut 1 - University of Alabama 0
TOP OF THE 5TH
University of Conneticut Huskies batting - Pitching for University of Alabama Crimson Tide : RHP Jihei Nomura
Batting: LHB Jonathan Sica 0-0: Fly out, F9 (Flyball, 9S, EV 98.1 MPH)
Batting: RHB Phil Hilton 0-0: Called Strike
0-1: Foul Ball, location: 5F
0-2: Foul Ball, location: 5F
0-2: Foul Ball, location: 5F
0-2: Ball
1-2: Foul Ball, location: 5DF
1-2: Ball
2-2: Ball
3-2: Strikes out swinging
Batting: LHB Omar Alba 0-0: Ball
1-0: Ground out U3 (Groundball, 3, EV 80.6 MPH)
Top of the 5th over - 0 runs, 0 hits, 0 errors, 0 left on base; University of Conneticut 1 - University of Alabama 0
BOTTOM OF THE 5TH
University of Alabama Crimson Tide batting - Pitching for University of Conneticut Huskies : RHP Jay Catoe
Batting: RHB John Hicken 0-0: Called Strike
0-1: Called Strike
0-2: Strikes out swinging, 2-3 out at first.
Batting: RHB Larry Brown 0-0: Called Strike
0-1: Ball
1-1: Foul Ball, location: 2F
1-2: Ball
2-2: Ball
3-2: Foul Ball, location: 3SF
3-2: Foul Ball, location: 9LSF
3-2: Base on Balls
Batting: RHB Justin Gray 0-0: Ball
1-0: Swinging Strike
1-1: Ball
2-1: Ball
3-1: Foul Ball, location: 2F
3-2: Foul Ball, location: 2F
3-2: Fielders Choice at 2nd, 5-4 (Groundball, 56S, EV 79.4 MPH)
Pitching: LHP Travis Ventresca
Batting: RHB Danny Rosario 0-0: Foul Ball, location: 3DF
0-1: Foul Ball, location: 9LSF
0-2: Foul Ball, location: 2F
0-2: Strikes out swinging
Bottom of the 5th over - 0 runs, 0 hits, 0 errors, 1 left on base; University of Conneticut 1 - University of Alabama 0
TOP OF THE 6TH
University of Conneticut Huskies batting - Pitching for University of Alabama Crimson Tide : RHP Jihei Nomura
Batting: LHB Chris Grayson 0-0: Fly out, F6 (Line Drive, 6M, EV 67.5 MPH)
Batting: RHB Jordan Nicholas 0-0: Called Strike
0-1: Swinging Strike
0-2: Foul Ball, location: 7LMF
0-2: Ground out 1-3 (Groundball, 15S, EV 70.6 MPH)
Batting: LHB Matt Reed 0-0: Hit by Pitch
Batting: RHB Jai De san miguel 0-0: Ball
Matt Reed steals 2nd base
1-0: Ground out U3 (Groundball, 34, EV 87.5 MPH)
Top of the 6th over - 0 runs, 0 hits, 0 errors, 1 left on base; University of Conneticut 1 - University of Alabama 0
BOTTOM OF THE 6TH
University of Alabama Crimson Tide batting - Pitching for University of Conneticut Huskies : LHP Travis Ventresca
Batting: LHB Platon Protopsaltis 0-0: Ball
1-0: Ball
2-0: Called Strike
2-1: Foul Ball, location: 2F
2-2: Ball
3-2: Strikes out swinging
Batting: RHB Al Lara 0-0: Called Strike
0-1: Swinging Strike
0-2: Strikes out swinging
Batting: RHB Hughie Withers 0-0: Ball
1-0: Ball
2-0: Ball
3-0: Called Strike
3-1: Foul Ball, location: 5F
3-2: Foul Ball, location: 2F
3-2: Strikes out looking
Bottom of the 6th over - 0 runs, 0 hits, 0 errors, 0 left on base; University of Conneticut 1 - University of Alabama 0
TOP OF THE 7TH
University of Conneticut Huskies batting - Pitching for University of Alabama Crimson Tide : RHP Jihei Nomura
Batting: LHB Greg James 0-0: Ball
1-0: SINGLE (Line Drive, 4D, EV 110.0 MPH)
Pitching: RHP Victor Carillo
Batting: RHB Roku Kawano 0-0: Called Strike
0-1: Foul Ball, location: 2F
0-2: Foul Ball, location: 7LSF
0-2: Ball
1-2: Foul Ball, location: 25F
1-2: Ball
2-2: Foul Ball, location: 5F
2-2: Reached on error, E3 (Groundball, 34, EV 103.8 MPH)
Greg James to second
Batting: LHB Jonathan Sica 0-0: Ball
1-0: Ball
2-0: Called Strike
2-1: Swinging Strike
2-2: Fielders Choice at 2nd, 3-6 (Groundball, 34S, EV 86.3 MPH)
Greg James to third
Batting: RHB Phil Hilton 0-0: Called Strike
0-1: Ball
Wild Pitch!
Greg James scores
Jonathan Sica to second
1-1: Swinging Strike
1-2: Foul Ball, location: 2F
1-2: Ground out 6-3 (Groundball, 56, EV 103.8 MPH)
Batting: LHB Omar Alba 0-0: Ball
1-0: Ball
2-0: Ball
3-0: Called Strike
3-1: Foul Ball, location: 7LSF
3-2: Base on Balls
Batting: LHB Chris Grayson 0-0: Ball
1-0: Ball
2-0: Ball
3-0: Called Strike
3-1: Foul Ball, location: 2RF
3-2: Strikes out swinging
Top of the 7th over - 1 run, 1 hit, 1 error, 2 left on base; University of Conneticut 2 - University of Alabama 0
BOTTOM OF THE 7TH
University of Alabama Crimson Tide batting - Pitching for University of Conneticut Huskies : LHP Travis Ventresca
Batting: LHB Matt Barkley 0-0: Fly out, F7 (Flyball, 7LS, EV 81.9 MPH)
Batting: RHB Jong-your Lee 0-0: Ball
1-0: Foul Ball, location: 2F
1-1: Foul Ball, location: 5F
1-2: Strikes out looking
Batting: RHB John Hicken 0-0: Called Strike
0-1: Foul Ball, location: 9LDF
0-2: Foul Ball, location: 3F
0-2: Foul Ball, location: 2F
0-2: Ball
1-2: Ball
2-2: Ball
3-2: DOUBLE (Line Drive, 89D, EV 100.0 MPH)
Batting: RHB Larry Brown 0-0: Called Strike
0-1: Called Strike
0-2: Strikes out looking
Bottom of the 7th over - 0 runs, 1 hit, 0 errors, 1 left on base; University of Conneticut 2 - University of Alabama 0
TOP OF THE 8TH
University of Conneticut Huskies batting - Pitching for University of Alabama Crimson Tide : RHP Victor Carillo
Pitching: RHP Chad Wickel
Batting: RHB Jordan Nicholas 0-0: Ball
1-0: Called Strike
1-1: Foul Ball, location: 23FF
1-2: Strikes out swinging
Batting: LHB Matt Reed 0-0: Foul Ball, location: 2F
0-1: Ball
1-1: Ball
2-1: Swinging Strike
2-2: Ball
3-2: Ground out 4-3 (Groundball, 4M, EV 91.3 MPH)
Batting: RHB Jai De san miguel 0-0: Called Strike
0-1: Called Strike
0-2: Strikes out swinging
Top of the 8th over - 0 runs, 0 hits, 0 errors, 0 left on base; University of Conneticut 2 - University of Alabama 0
BOTTOM OF THE 8TH
University of Alabama Crimson Tide batting - Pitching for University of Conneticut Huskies : LHP Travis Ventresca
Pitching: RHP Andy Barnitz
Batting: RHB Justin Gray 0-0: Ball
1-0: Swinging Strike
1-1: Ball
2-1: Foul Ball, location: 3F
2-2: Reached on error, E3 (Groundball, 34S, EV 86.3 MPH)
Batting: RHB Danny Rosario 0-0: Called Strike
0-1: Swinging Strike
0-2: Strikes out looking
Batting: LHB Platon Protopsaltis 0-0: Ball
1-0: Called Strike
1-1: Foul Ball, location: 2F
1-2: SINGLE (Groundball, 34D, EV 106.3 MPH)
Justin Gray to second
Batting: RHB Al Lara 0-0: Ball
1-0: Called Strike
1-1: Called Strike
1-2: Foul Ball, location: 9LSF
1-2: Ball
2-2: Ball
3-2: Fly out, F9 (Flyball, 9D, EV 86.3 MPH)
Batting: RHB Hughie Withers 0-0: Called Strike
0-1: Called Strike
0-2: Strikes out looking
Bottom of the 8th over - 0 runs, 1 hit, 1 error, 2 left on base; University of Conneticut 2 - University of Alabama 0
TOP OF THE 9TH
University of Conneticut Huskies batting - Pitching for University of Alabama Crimson Tide : RHP Chad Wickel
Batting: LHB Greg James 0-0: Ball
1-0: Ball
2-0: Ball
3-0: Called Strike
3-1: Base on Balls
Batting: RHB Roku Kawano 0-0: Called Strike
0-1: Ball
Wild Pitch!
Greg James to second
1-1: Called Strike
1-2: Ball
2-2: Strikes out swinging
Batting: LHB Jonathan Sica 0-0: Ball
1-0: Swinging Strike
1-1: Ball
2-1: Ground out 4-3 (Groundball, 4, EV 92.5 MPH)
Greg James to third
Batting: RHB Phil Hilton 0-0: Foul Ball, location: 9LMF
0-1: Swinging Strike
0-2: Foul Ball, location: 2LF
0-2: Strikes out swinging
Top of the 9th over - 0 runs, 0 hits, 0 errors, 1 left on base; University of Conneticut 2 - University of Alabama 0
BOTTOM OF THE 9TH
University of Alabama Crimson Tide batting - Pitching for University of Conneticut Huskies : RHP Andy Barnitz
Pitching: LHP Jesus Cordero
Batting: LHB Matt Barkley 0-0: DOUBLE (Line Drive, 89D, EV 103.1 MPH)
Batting: RHB Jong-your Lee 0-0: Ball
1-0: Called Strike
1-1: Called Strike
1-2: Ball
2-2: Ball
3-2: Strikes out swinging
Batting: RHB John Hicken 0-0: Ball
1-0: Ball
2-0: Ground out 6-3 (Groundball, 6, EV 100.6 MPH)
Matt Barkley to third
Batting: RHB Larry Brown 0-0: Ball
1-0: Called Strike
1-1: Ball
2-1: Ball
3-1: Called Strike
3-2: Foul Ball, location: 2F
3-2: Foul Ball, location: 9LMF
3-2: Strikes out swinging
Bottom of the 9th over - 0 runs, 1 hit, 0 errors, 1 left on base; University of Conneticut 2 - University of Alabama 0
Sunday, July 16th , 2023 - OOTP Baseball 24.6 Build 69